 Dungeon Crawl Stone Soup version 0.22-a0-303-g4a852b3 (webtiles) character file.

350353 tilp the Cryomancer (level 22, -18/178 HPs)
             Began as a Merfolk Ice Elementalist on Mar 25, 2018.
             Was the Champion of Makhleb.
             Demolished by an ettin
             ... wielding a +0 dire flail
              (38 damage)
             ... while paralysed by a floating eye
             ... on level 4 of the Depths on Mar 27, 2018.
             The game lasted 04:55:44 (66127 turns).

tilp the Cryomancer (Merfolk Ice Elementalist)     Turns: 66127, Time: 04:55:45

Health: -18/178    AC: 21    Str: 12    XL:     22   Next: 21%
Magic:  0/39       EV:  2    Int: 24    God:    Makhleb [******]
Gold:   218        SH:  0    Dex: 14    Spells: 0/37 levels left

rFire    . . .     SeeInvis +   a - +6 glaive (flame)
rCold    . . .     Gourm    .   (shield currently unavailable)
rNeg     . . .     Faith    .   X - +4 moon troll leather armour {Spirit, Regen++ MP+5}
rPois    .         Spirit   +   S - +2 hat
rElec    .         Reflect  .   Q - +2 cloak
rCorr    .         Harm     .   d - +2 pair of gloves {Str+3}
MR       ++...                  v - +2 pair of boots of the Assassin {Detection Stab+ Stlth++}
Stlth    ++++......             m - amulet of magic regeneration
HPRegen  1.19/turn              A - ring of see invisible
MPRegen  0.51/turn              W - ring of protection from magic

@: paralysed, lethally poisoned (-18 -> -18), drained
A: change form in water, swift swim, stealthy swim
}: 2/15 runes: decaying, gossamer
a: Minor Destruction, Lesser Servant of Makhleb, Major Destruction, Greater
Servant of Makhleb, Renounce Religion


You were on level 4 of the Depths.
You worshipped Makhleb.
Makhleb was exalted by your worship.
You were not hungry.

You visited 8 branches of the dungeon, and saw 40 of its levels.
You visited the Abyss 1 time.
You also visited: Ossuary.

You collected 4161 gold pieces.
You spent 3943 gold pieces at shops.

Inventory:

Hand Weapons
 a - a +6 glaive of flaming (weapon)
 N - a +3 bardiche
Missiles
 P - 48 tomahawks (quivered)
Armour
 d - a +2 pair of gloves of strength (worn)
 v - the +2 pair of boots of the Assassin (worn) {Detection Stab+ Stlth++}
   (You acquired it on level 14 of the Dungeon)

   It makes you much more stealthy.
 B - the +2 pair of gloves of Mezcal {Regen+}
   (You found it on level 2 of the Vaults)

   It increases your rate of regeneration.
 Q - a +2 cloak (worn)
 S - a +2 hat (worn)
 X - the +4 moon troll leather armour (worn) {Spirit, Regen++ MP+5}
   (You found it on level 10 of the Dungeon)

   It affects your magic capacity (+5).
   It increases your rate of regeneration.
Jewellery
 g - a +6 ring of intelligence
 m - an amulet of magic regeneration (around neck)
 o - an uncursed ring of protection from cold
 A - a ring of see invisible (left hand)
 H - an uncursed ring of poison resistance
 J - an uncursed ring of resist corrosion
 K - an uncursed ring of protection from fire
 T - the ring "Ohisotor" {+Fly Stlth+}
   (You found it on level 2 of the Depths)

   [ring of flight]

   It lets you fly.
   It makes you more stealthy.
 W - a ring of protection from magic (right hand)
 Y - an uncursed ring of wizardry
Wands
 i - a wand of enslavement (29)
 k - a wand of digging (9)
 p - a wand of disintegration (29)
 z - a wand of paralysis (19)
Scrolls
 e - 4 scrolls of fear
 h - 7 scrolls of teleportation
 n - 7 scrolls of amnesia
 r - 2 scrolls of summoning
 t - 7 scrolls of fog
 u - 3 scrolls of magic mapping
 w - 3 scrolls of blinking
 y - 14 scrolls of remove curse
 D - 5 scrolls of enchant armour
 F - 5 scrolls of identify
 M - a scroll of silence
 Z - 2 scrolls of holy word
Potions
 b - 4 potions of heal wounds
 f - 2 potions of haste
 j - 6 potions of agility
 l - 8 potions of flight
 q - 7 potions of might
 x - 5 potions of curing
 C - a potion of mutation
 E - 4 potions of invisibility
 G - 5 potions of resistance
 I - a potion of magic
 L - 4 potions of brilliance
 V - a potion of cancellation
Miscellaneous
 s - a phantom mirror
 R - a lamp of fire
Comestibles
 c - 42 rations
 O - 3 chunks of flesh


   Skills:
 - Level 16.0(15.7) Fighting
 - Level 20.0(19.6) Polearms
 - Level 8.0(7.7) Armour
 - Level 12.0(11.7) Dodging
 - Level 2.1(1.9) Stealth
   Level 4.0(3.8) Shields
 - Level 8.0(7.7) Spellcasting
 - Level 10.0(9.7) Conjurations
 - Level 6.0(5.7) Charms
 - Level 2.0(1.8) Necromancy
 - Level 22.0(21.6) Ice Magic
 - Level 8.0(7.7) Air Magic
 + Level 12.8(12.5) Invocations
 - Level 4.0(3.8) Evocations


You couldn't memorise any spells.
You knew the following spells:

 Your Spells              Type           Power        Failure   Level  Hunger
a - Freeze                Ice            ####         0%          1    None
b - Bolt of Cold          Conj/Ice       ######....   1%          6    ######.
c - Ozocubu's Armour      Chrm/Ice       ######..     1%          3    None
d - Throw Icicle          Conj/Ice       ######..     1%          4    ###....
e - Regeneration          Chrm/Necr      ####......   4%          3    None
f - Apportation           Tloc           #.....       9%          1    None
g - Animate Skeleton      Necr           N/A          3%          1    None
h - Conjure Flame         Conj/Fire      ####....     3%          3    None
i - Blink                 Tloc           N/A          12%         2    None
j - Freezing Cloud        Conj/Ice/Air   ######....   6%          6    ######.
k - Summon Lightning Spi  Summ/Air       ####....     16%         4    ###....
l - Spectral Weapon       Hex/Chrm       ###.....     8%          3    None


Dungeon Overview and Level Annotations

Branches:
Dungeon (15/15)            Temple (1/1) D:5            Lair (6/6) D:10
  Swamp (4/4) Lair:3       Spider (4/4) Lair:3        Slime (0/5) Lair:5
    Orc (2/2) D:10            Elf (0/3) Orc:2        Vaults (4/5) D:13
  Crypt (0/3) Vaults:2     Depths (3/5) D:15

Altars:
Ashenzari
Cheibriados
Dithmenos
Elyvilon
Fedhas
Gozag
Hepliaklqana
Kikubaaqudgha
Makhleb
Nemelex Xobeh
Okawaru
Qazlal
Ru
Sif Muna
Trog
Uskayaw
Vehumet
Wu Jian
Xom
Yredelemnul
Zin
The Shining One
Beogh
Jiyva
Lugonu

Shops:
D:8 (   Orc:2 :[(   Vaults:1 *   Vaults:2 %   Vaults:3 [=%   Vaults:4 !
Depths:1 }}=   Depths:3 ?

Portals:
Hell: Depths:1 Depths:2 Depths:3
Abyss: Depths:2

Annotations:
Swamp:3 Nuz's ghost, adept HOMo
Spider:3 Nikola
Depths:1 exclusion: 2 doors


Message History

You suddenly lose the ability to move!
The ettin hits you but does no damage. The ettin hits you with a dire flail!
* * * LOW HITPOINT WARNING * * *
You feel sick. The floating eye seems to glare at you.
A frost giant comes into view. It is wielding a battleaxe of freezing.
You feel sick.
The titan is engulfed in freezing vapours.
The ettin hits you with a dire flail!!
* * * LOW HITPOINT WARNING * * *
The ettin hits you with a dire flail.
* * * LOW HITPOINT WARNING * * *
The ettin hits you with a dire flail of protection.
* * * LOW HITPOINT WARNING * * *
The ettin hits you but does no damage.
You feel drained.
The floating eye gazes piercingly through you!
You shrug off the repeated paralysis!
The titan is engulfed in freezing vapours.
You feel sick. The ettin hits you with a dire flail!!!
You die...

*,,,,,,*******,,,,,.......!...##
**,****** #.C.....#..D.#.#...#
*,,,,,,,* #..#.....C.........D
*,,,,,,,* #..#.......W....C...
*,,,,,,,* #..#>.........l.....
*,,,,,,,* #..#G.tC............
*,,,,,,*****#..#...........#####
*,,,,,,,,,,,#..#Cc########.#
*,,,,,,****,#..@CC########.#
*,,,,,,* *,#.###.§§C..)...#
******** *,#......#########
*,####...# *,* #...# *,* #...#
*,***#...# *,,,,....#
****###..#************


You could see a titan, 2 frost giants, a fire giant, a stone giant, 2 ettins, a
fire crab, a yaktaur and a floating eye.

Vanquished Creatures
  Frederick (Vaults:2)
  A golden dragon (Depths:4)
  2 tentacled monstrosities
  2 liches
  2 titans (Depths:2)
  A quicksilver dragon (Depths:2)
  5 tengu reavers
  2 sphinxes (Vaults:2)
  A storm dragon (Vaults:3)
  3 thorn hunters
  2 shadow dragons
  2 frost giants
  A fire giant (shapeshifter) (D:11)
  4 fire giants
  9 vault wardens
  3 ghost moths
  An iron dragon (Depths:2)
  8 ironheart preservers
  A cacodemon (Abyss:2)
  4 emperor scorpions
  The ghost of Tovarisch the Fighter, a journeyman GnWn of Wu Jian (Orc:1)
  An entropy weaver (shapeshifter) (Vaults:2)
  10 stone giants
  4 very ugly things
  A deep elf demonologist (Vaults:3)
  3 entropy weavers
  3 spark wasps
  A crystal guardian (Vaults:4)
  A deep elf death mage (Vaults:3)
  9 yaktaur captains
  3 jiangshi (Depths:2)
  6 ettins
  7 fire dragons
  3 vault guards
  7 great orbs of eyes
  2 rakshasas
  2 ice dragons
  The ghost of nikopol the Eclecticist, a journeyman DEFE of Vehumet (Lair:3)
  A catoblepas (Lair:6)
  2 spriggan air magi (Depths:2)
  A ghost crab (Swamp:4)
  15 hydras
  2 death knights (Vaults:3)
  6 centaur warriors
  12 ogre magi
  39 two-headed ogres
  5 deep troll shamans
  4 deep troll earth magi
  7 death yaks
  2 orc high priests (Orc:2)
  4 tengu warriors
  A vampire mage (Depths:2)
  8 death scarabs (Spider:4)
  7 alligators
  4 hell knights
  2 thrashing horrors (Abyss:2)
  2 deep elf knights (Vaults:3)
  2 shadow wraiths
  22 slime creatures
  A skeletal warrior (Vaults:2)
  2 sixfirhies
  2 unseen horrors
  2 spriggan druids
  A deep elf archer (Vaults:2)
  A flayed ghost (Vaults:1)
  5 swamp dragons
  14 deep trolls
  2 shambling mangroves
  5 harpies (Vaults:4)
  2 glowing orange brains
  15 ironbrand convokers
  6 wizards
  3 lindwurms
  2 spectral wolf spiders (Spider:4)
  8 deep elf magi
  12 orb spiders
  5 wolf spider zombies (Spider:4)
  A sphinx zombie (Vaults:1)
  13 orc knights
  8 orc sorcerers
  A mana viper (shapeshifter) (Vaults:3)
  7 necromancers
  2 orb spiders (shapeshifter)
  18 wolf spiders
  3 manticores
  48 ugly things
  A worldbinder (Abyss:2)
  3 moths of wrath
  A moth of wrath (shapeshifter) (Vaults:4)
  3 oklob plants (Lair:3)
  A salamander (shapeshifter) (Vaults:2)
  9 cyclopes
  15 vault sentinels
  7 elephants
  Maurice (D:8)
  A naga mage (D:15)
  A fire giant skeleton (Vaults:3)
  A storm dragon simulacrum (Vaults:3)
  2 torpor snails
  2 gargoyles
  15 spiny frogs
  49 yaktaurs
  5 spectral redbacks (Spider:4)
  11 demonic crawlers
  2 tengu conjurers
  6 redback zombies (Spider:4)
  2 kobold demonologists
  A freezing wraith (Vaults:3)
  A golden dragon simulacrum (Depths:2)
  3 komodo dragons
  A troll (shapeshifter) (Vaults:4)
  2 wind drakes (shapeshifter)
  A large abomination (Abyss:2)
  7 trolls
  A merfolk (D:12)
  A polar bear (shapeshifter) (Vaults:3)
  A meliai (D:12)
  24 hornets
  3 polar bears
  25 jumping spiders
  5 tyrant leeches
  18 blink frogs
  2 snapping turtles (shapeshifter)
  A spectral jumping spider (Spider:4)
  A spectral tarantella (Spider:4)
  A blink frog (shapeshifter) (D:13)
  3 tarantella zombies (Spider:4)
  A hippogriff (shapeshifter) (Vaults:3)
  A jumping spider zombie (Spider:4)
  4 hippogriffs
  11 bog bodies
  A fire giant simulacrum (Vaults:3)
  4 vampires
  23 tarantellas
  61 redbacks
  4 spriggans
  An air elemental (Abyss:2)
  An ettin skeleton (Vaults:3)
  A wyvern (Lair:4)
  42 yaks
  2 shadows
  2 wraiths
  9 water elementals
  A golden eye (shapeshifter) (Vaults:3)
  2 basilisks
  2 small abominations (Abyss:2)
  16 humans (D:12)
  Sigmund (D:6)
  A basilisk (shapeshifter) (D:11)
  A yaktaur simulacrum (Vaults:2)
  22 vampire mosquitoes
  2 hungry ghosts
  14 insubstantial wisps
  6 wargs
  12 soldier ants (Lair:4)
  21 swamp worms
  3 acid dragons
  6 water moccasins
  10 porcupines
  2 hornet zombies (Spider:4)
  45 orc warriors
  2 ice beasts
  2 sky beasts
  An ettin simulacrum (Vaults:1)
  21 swamp drakes
  3 black bears
  9 boggarts
  An eye of draining (D:15)
  4 phantoms
  36 ogres
  8 wolves (Lair:6)
  16 centaurs
  5 human skeletons
  An elf skeleton (Vaults:3)
  12 crocodiles
  7 big kobolds
  An elf zombie (Ossuary)
  21 bullfrogs
  A gnoll sergeant (D:13)
  2 wyvern zombies (D:9)
  A water moccasin zombie (D:8)
  2 wyvern skeletons
  3 scorpions
  2 troll zombies (Swamp:3)
  22 killer bees
  A troll skeleton (Swamp:3)
  9 wights
  7 howler monkeys
  6 electric eels
  8 crimson imps
  8 centaur zombies
  2 lava snakes (Lair:6)
  2 quasits
  18 orc wizards
  7 hounds
  4 human zombies
  3 centaur skeletons
  24 orc priests
  4 jellies
  2 bullfrog skeletons (D:11)
  3 iguanas
  18 worker ants
  Natasha (thrice) (D:3 D:6)
  A killer bee zombie (D:10)
  2 big kobold zombies (Ossuary)
  2 hound zombies (D:7)
  A hound skeleton (D:6)
  2 mummies (Ossuary)
  8 gnolls
  9 adders
  A howler monkey skeleton (D:4)
  9 shadow imps
  An adder zombie (Ossuary)
  2 worms (D:2)
  A dart slug (D:2)
  2 leopard geckos
  110 orcs
  4 giant cockroaches
  6 goblins
  10 hobgoblins
  7 jackals (D:8)
  38 kobolds
  5 quokkas
  6 bats
  3 frilled lizards
  10 hobgoblin zombies (Ossuary)
  A jackal skeleton (D:4)
  6 kobold zombies (Ossuary)
  A leopard gecko skeleton (D:4)
  A leopard gecko zombie (D:7)
  11 orc zombies (Ossuary)
  A quokka zombie (D:8)
  19 rats
  3 rat zombies
  2 crawling corpses (Vaults:3)
  2 plants (Lair:3)
  2 spectral weapons
1633 creatures vanquished.

Vanquished Creatures (collateral kills)
  Rupert (Orc:1)
  A thorn hunter (Swamp:1)
  A shadow dragon (Vaults:3)
  An orc warlord (Orc:2)
  2 entropy weavers (Lair:4)
  A deep elf death mage (Vaults:3)
  2 hydras (Lair:5)
  Erica (Lair:2)
  A two-headed ogre (D:10)
  A queen ant (Lair:4)
  5 death yaks
  A glowing orange brain (Vaults:4)
  A swamp dragon (Swamp:3)
  An orc sorcerer (Orc:2)
  An orc knight (Orc:1)
  A wolf spider (Spider:4)
  A vault sentinel (Vaults:4)
  3 spiny frogs
  3 komodo dragons
  3 rime drakes
  A redback zombie (Spider:4)
  A jumping spider (Spider:4)
  A bog body (Swamp:3)
  2 hippogriffs
  5 yaks
  A wyvern (Lair:4)
  2 basilisks (Lair:3)
  12 soldier ants (Lair:4)
  2 water moccasins
  A porcupine (Lair:4)
  2 orc warriors (Orc:2)
  4 crocodiles
  2 bullfrogs
  An orc priest (Orc:2)
  2 orc wizards
  5 worker ants (Lair:4)
  12 orcs
88 creatures vanquished.

Vanquished Creatures (others)
  A vampire mage (Vaults:2)
  A rime drake (shapeshifter) (Vaults:3)
  A large abomination (Vaults:3)
  2 swamp worms (Swamp:4)
  A swamp drake (Swamp:4)
  2 ogres
  A big kobold (D:10)
  3 orcs
  22 fungi
  20 plants
  10 spectral weapons
64 creatures vanquished.

Grand Total: 1785 creatures vanquished

Notes
Turn   | Place    | Note
-------+----------+-------------------------------------------
     0 | D:1      | tilp the Merfolk Ice Elementalist began the quest for the Orb.
     0 | D:1      | Reached XP level 1. HP: 13/13 MP: 3/3
   272 | D:1      | Reached XP level 2. HP: 17/19 MP: 5/5
   359 | D:1      | Reached skill level 4 in Ice Magic
   614 | D:1      | Learned a level 2 spell: Throw Frost
   751 | D:1      | Reached XP level 3. HP: 24/24 MP: 1/6
   756 | D:1      | Learned a level 3 spell: Ozocubu's Armour
  1132 | D:1      | Reached skill level 5 in Ice Magic
  2084 | D:2      | Found a radiant altar of Vehumet.
  2180 | D:2      | Reached XP level 4. HP: 24/30 MP: 7/7
  2446 | D:2      | Found a glowing silver altar of Zin.
  2447 | D:2      | Found a stormy altar of Qazlal.
  2457 | D:2      | Found a hide-covered altar of Uskayaw.
  2723 | D:3      | Reached skill level 6 in Ice Magic
  2820 | D:3      | Found a basalt altar of Yredelemnul.
  2833 | D:3      | Reached XP level 5. HP: 35/35 MP: 6/8
  3458 | D:3      | Reached skill level 7 in Ice Magic
  3604 | D:3      | Noticed Natasha
  3612 | D:3      | Killed Natasha
  3612 | D:3      | Reached skill level 1 in Fighting
  3612 | D:3      | Reached XP level 6. HP: 43/43 MP: 2/9
  3860 | D:3      | Found a roughly hewn altar of Beogh.
  4063 | D:4      | Found a sacrificial altar of Ru.
  4293 | D:4      | Found a hazy altar of Hepliaklqana.
  4541 | D:5      | Entered Level 5 of the Dungeon
  4556 | D:5      | Found a staircase to the Ecumenical Temple.
  4568 | Temple   | Entered the Ecumenical Temple
  4670 | Temple   | Became a worshipper of Makhleb the Destroyer
  5245 | D:5      | Reached XP level 7. HP: 50/52 MP: 3/10
  5559 | D:5      | Found a blossoming altar of Fedhas.
  5588 | D:5      | Reached skill level 5 in Dodging
  5989 | D:5      | Reached skill level 1 in Shields
  6427 | D:6      | Noticed Natasha
  6433 | D:6      | Killed Natasha
  6579 | D:6      | Found a shimmering altar of Xom.
  6798 | D:6      | Noticed Natasha
  6826 | D:6      | Killed Natasha
  6946 | D:6      | Noticed Sigmund
  7721 | D:7      | Reached * piety under Makhleb
  7721 | D:7      | Reached skill level 1 in Polearms
  7918 | D:7      | Reached XP level 8. HP: 58/58 MP: 3/11
  7979 | D:7      | Found a deep blue altar of Sif Muna.
  8118 | D:7      | Reached skill level 5 in Polearms
  8812 | D:8      | Reached skill level 1 in Charms
  8830 | D:8      | Found a sand-covered staircase.
  8861 | Ossuary  | Entered an ossuary
  9246 | Ossuary  | Reached ** piety under Makhleb
  9871 | Ossuary  | Reached XP level 9. HP: 47/63 MP: 12/12
 10178 | D:8      | Reached skill level 10 in Polearms
 10826 | D:8      | Found an iron altar of Okawaru.
 10866 | D:8      | Noticed Maurice
 10910 | D:8      | Killed Maurice
 11130 | D:8      | Found Iritut's Antique Weapon Emporium.
 11395 | D:9      | Reached *** piety under Makhleb
 11477 | D:9      | Noticed a two-headed ogre
 11541 | D:9      | Reached XP level 10. HP: 67/70 MP: 11/13
 11846 | D:9      | Got an encrusted rapier
 11863 | D:9      | Found a glowing golden altar of the Shining One.
 12010 | D:9      | Reached skill level 8 in Ice Magic
 12418 | D:10     | Entered Level 10 of the Dungeon
 12474 | D:10     | Noticed a two-headed ogre
 12489 | D:10     | Killed a two-headed ogre
 12489 | D:10     | Reached skill level 9 in Ice Magic
 12491 | D:10     | Noticed an unseen horror
 12812 | D:10     | Found a staircase to the Lair.
 13071 | D:10     | Noticed a gargoyle
 13263 | D:10     | Reached skill level 10 in Ice Magic
 13303 | D:10     | Reached skill level 1 in Conjurations
 14289 | D:10     | Killed a gargoyle
 14337 | D:10     | Killed an unseen horror
 14535 | D:10     | Reached XP level 11. HP: 75/75 MP: 9/14
 14680 | D:10     | Found the +4 Vampire's Tooth {vamp}
 14792 | D:10     | Reached **** piety under Makhleb
 15051 | D:10     | Found the +4 moon troll leather armour {Spirit, Regen++ MP+5}
 15141 | D:10     | Reached skill level 1 in Invocations
 15213 | D:10     | Found a staircase to the Orcish Mines.
 15222 | D:10     | Learned a level 4 spell: Throw Icicle
 15224 | Orc:1    | Entered Level 1 of the Orcish Mines
 15250 | Orc:1    | Noticed an orc sorcerer
 15286 | Lair:1   | Entered Level 1 of the Lair of Beasts
 15913 | Lair:1   | Reached skill level 5 in Invocations
 15928 | Lair:1   | Got an encrusted ring mail
 16640 | Lair:2   | Noticed Erica
 16654 | Lair:2   | Killed Erica
 16654 | Lair:2   | Reached skill level 5 in Fighting
 17676 | Lair:3   | Noticed an oklob plant
 17679 | Lair:3   | Noticed an oklob plant
 17686 | Lair:3   | Found a hole to the Spider Nest.
 17693 | Lair:3   | Reached XP level 12. HP: 92/92 MP: 18/18
 18081 | Lair:3   | Noticed nikopol's ghost (journeyman DEFE)
 18393 | Lair:3   | Reached skill level 1 in Evocations
 18529 | Lair:3   | Found a staircase to the Swamp.
 18606 | Lair:3   | Killed nikopol's ghost
 19164 | Lair:4   | Learned a level 3 spell: Regeneration
 19514 | Lair:4   | Noticed a queen ant
 19581 | Lair:4   | Killed a queen ant
 19581 | Lair:4   | Reached skill level 11 in Ice Magic
 19717 | Lair:4   | Noticed an entropy weaver
 19717 | Lair:4   | Noticed an entropy weaver
 19825 | Lair:4   | Noticed a five-headed hydra
 19943 | Lair:4   | Killed a three-headed hydra
 19943 | Lair:4   | Reached skill level 12 in Ice Magic
 20265 | Lair:4   | Killed an entropy weaver
 20265 | Lair:4   | Reached skill level 5 in Charms
 20404 | Lair:4   | Killed an entropy weaver
 20404 | Lair:4   | Reached XP level 13. HP: 95/98 MP: 19/19
 20576 | Lair:4   | Identified the +9 rapier of Inflation {vamp, rElec rPois rC+ Int-5} (You found it on level 9 of the Dungeon)
 20589 | Lair:4   | Identified the cursed +1 ring mail of Xituadiy {MR++ Dex+2} (You found it on level 1 of the Lair of Beasts)
 20834 | Lair:5   | Found a viscous altar of Jiyva.
 20834 | Lair:5   | Found a staircase to the Slime Pits.
 21379 | Lair:5   | Reached skill level 10 in Fighting
 21446 | Lair:4   | Reached skill level 1 in Necromancy
 21644 | Lair:4   | Reached skill level 1 in Armour
 22859 | Lair:5   | Reached skill level 5 in Conjurations
 22934 | Lair:6   | Entered Level 6 of the Lair of Beasts
 23354 | Lair:5   | Learned a level 1 spell: Apportation
 23976 | Lair:5   | Reached skill level 5 in Spellcasting
 24870 | Lair:6   | Reached XP level 14. HP: 110/110 MP: 23/23
 25962 | Orc:2    | Entered Level 2 of the Orcish Mines
 26161 | Orc:1    | Noticed Tovarisch's ghost (journeyman GnWn)
 26274 | Orc:2    | Found a roughly hewn altar of Beogh.
 26371 | Orc:2    | Found a roughly hewn altar of Beogh.
 26463 | Orc:2    | Noticed Rupert
 27269 | Orc:2    | Found a roughly hewn altar of Beogh.
 27712 | Orc:1    | Paralysed by Rupert for 5 turns
 27721 | Orc:1    | Killed Rupert
 27721 | Orc:1    | Reached skill level 13 in Ice Magic
 27989 | Orc:2    | Found a roughly hewn altar of Beogh.
 28027 | Orc:2    | Found Vighaomi's Book Emporium.
 28434 | Orc:2    | Found a roughly hewn altar of Beogh.
 28435 | Orc:2    | Found Virghasay's Magic Scroll Boutique.
 28615 | Orc:2    | Found a staircase to the Elven Halls.
 29080 | Orc:2    | Paralysed by an orc sorcerer for 5 turns
 29280 | Orc:2    | Noticed an orc warlord
 29297 | Orc:2    | Killed an orc warlord
 29606 | Orc:2    | Reached skill level 14 in Ice Magic
 29766 | Orc:2    | Found Ynuilo's Antique Armour Emporium.
 29767 | Orc:2    | Found a roughly hewn altar of Beogh.
 29768 | Orc:2    | Found Ahopsigh's Antique Weapon Shoppe.
 29781 | Orc:2    | Bought a distressingly furry helmet for 275 gold pieces
 29791 | Orc:2    | Identified the cursed +0 helmet of Hysteria {+Inv} (You bought it in a shop on level 2 of the Orcish Mines)
 29861 | Orc:2    | Bought a book of Clouds for 585 gold pieces
 29861 | Orc:2    | Bought a book of Minor Magic for 260 gold pieces
 29893 | Orc:2    | Bought 2 scrolls of teleportation for 102 gold pieces
 29893 | Orc:2    | Bought a scroll of identify for 34 gold pieces
 29893 | Orc:2    | Bought a scroll of brand weapon for 340 gold pieces
 29893 | Orc:2    | Bought a scroll of blinking for 127 gold pieces
 29893 | Orc:2    | Bought a scroll of enchant armour for 127 gold pieces
 30170 | Orc:1    | Upgraded the game from 0.22-a0-299-g43f9854 to 0.22-a0-301-gf0fe05c
 30172 | Orc:1    | Learned a level 1 spell: Animate Skeleton
 30176 | Orc:1    | Learned a level 3 spell: Conjure Flame
 30179 | Orc:1    | Learned a level 2 spell: Blink
 30186 | Orc:1    | Learned a level 6 spell: Freezing Cloud
 30566 | Orc:2    | Bought a scroll of remove curse for 51 gold pieces
 30566 | Orc:2    | Bought a scroll of remove curse for 51 gold pieces
 30751 | D:11     | Found a runed door.
 30751 | D:11     | Noticed a stone giant
 30751 | D:11     | Noticed a tengu reaver
 30752 | D:11     | Found the +5 robe of Night {Dark MR+ SInv}
 31129 | D:11     | Got a brightly glowing scale mail
 31238 | D:11     | Reached ***** piety under Makhleb
 31304 | D:11     | Reached skill level 15 in Polearms
 32646 | D:13     | Found a gate to the Vaults.
 32764 | D:12     | Reached XP level 15. HP: 88/115 MP: 2/27
 34296 | D:14     | Found an opulent altar of Gozag.
 34341 | D:14     | Reached ****** piety under Makhleb
 34574 | D:14     | Identified a scroll of acquirement
 34576 | D:14     | Found the +2 pair of boots of the Assassin {Detection Stab+ Stlth++}
 34998 | D:15     | Entered Level 15 of the Dungeon
 35979 | D:15     | Found a staircase to the Depths.
 36246 | Orc:2    | Bought a scroll of fear for 59 gold pieces
 36431 | Spider:1 | Entered Level 1 of the Spider Nest
 36455 | Lair:3   | Reached skill level 5 in Armour
 36881 | Spider:1 | Reached XP level 16. HP: 59/122 MP: 2/28
 36898 | Spider:1 | Reached skill level 1 in Air Magic
 39932 | Spider:3 | Noticed Nikola
 40868 | Swamp:1  | Entered Level 1 of the Swamp
 40956 | Swamp:1  | Reached skill level 15 in Ice Magic
 41508 | Swamp:1  | Paralysed by a hornet for 2 turns
 41518 | Swamp:1  | Paralysed by a hornet for 3 turns
 41784 | Swamp:1  | Noticed a thorn hunter
 42584 | Swamp:2  | Reached skill level 16 in Ice Magic
 42633 | Swamp:2  | Reached XP level 17. HP: 128/128 MP: 24/29
 43452 | Swamp:3  | Reached skill level 17 in Ice Magic
 43482 | Swamp:3  | Noticed Nuz's ghost (adept HOMo)
 44507 | Swamp:4  | Entered Level 4 of the Swamp
 44950 | Swamp:3  | Reached skill level 18 in Ice Magic
 45219 | Swamp:4  | Reached skill level 5 in Air Magic
 46295 | Swamp:4  | Got a decaying rune of Zot
 46672 | Lair:3   | Got a wizard robe
 46694 | Lair:3   | Identified the +1 robe of Heresy {*Slow rF+ Dex+7 SInv} (You found it on level 3 of the Lair of Beasts)
 46704 | Lair:3   | Identified the +3 scale mail of Ypsoumi {rPois Str+3} (You found it on level 11 of the Dungeon)
 46949 | Spider:4 | Entered Level 4 of the Spider Nest
 48116 | Spider:4 | Reached XP level 18. HP: 140/140 MP: 26/30
 50311 | Spider:4 | Got a gossamer rune of Zot
 50780 | D:6      | Killed Sigmund
 50791 | D:6      | Identified the Disquisition on Transmutation
 51091 | Vaults:1 | Entered Level 1 of the Vaults
 52173 | Vaults:1 | HP: 6/140 [cyan ugly thing (10)]
 52447 | D:13     | Reached skill level 10 in Conjurations
 52559 | Vaults:1 | Found Sisatoa's Assorted Antiques.
 52562 | Vaults:1 | Bought a scroll of identify for 48 gold pieces
 52562 | Vaults:1 | Bought a fuming puce potion for 21 gold pieces
 53991 | Vaults:2 | Reached XP level 19. HP: 151/151 MP: 23/31
 54991 | Vaults:2 | Found Noprapri's Food Boutique.
 55161 | Vaults:1 | Reached skill level 19 in Ice Magic
 55482 | Vaults:2 | Noticed Frederick
 56509 | Vaults:2 | Killed Frederick
 56511 | Vaults:2 | Found a staircase to the Crypt.
 56887 | Vaults:2 | Got a pair of shimmering gloves
 56898 | Vaults:2 | Identified the +2 pair of gloves of Mezcal {Regen+} (You found it on level 2 of the Vaults)
 56998 | Vaults:2 | Reached skill level 20 in Ice Magic
 57312 | Vaults:3 | Cast into level 2 of the Abyss (a wizard)
 57454 | Vaults:3 | Escaped the Abyss
 57850 | Vaults:3 | Reached skill level 15 in Fighting
 57892 | Vaults:3 | Reached XP level 20. HP: 163/163 MP: 5/32
 58196 | Vaults:3 | Found Poijat's Food Shop.
 58385 | Vaults:3 | Found Biubyb's Armour Boutique.
 58385 | Vaults:3 | Found Ekho Cil's Distillery.
 58528 | Vaults:3 | Reached skill level 10 in Dodging
 59014 | Vaults:3 | HP: 3/164 [storm dragon/bolt of lightning (33)]
 59246 | Vaults:3 | Found Ocyxoliyty's Jewellery Boutique.
 59278 | Vaults:3 | Bought a +1 pair of gloves of strength for 363 gold pieces
 59303 | Vaults:3 | Bought a potion of heal wounds for 100 gold pieces
 59303 | Vaults:3 | Bought a potion of resistance for 200 gold pieces
 59303 | Vaults:3 | Bought a potion of resistance for 200 gold pieces
 59303 | Vaults:3 | Bought a potion of heal wounds for 100 gold pieces
 59303 | Vaults:3 | Bought a potion of cancellation for 160 gold pieces
 60770 | Vaults:4 | Found Aritz's Distillery.
 60777 | Vaults:4 | Bought a potion of heal wounds for 100 gold pieces
 60777 | Vaults:4 | Bought 2 potions of agility for 160 gold pieces
 60777 | Vaults:4 | Bought a potion of flight for 60 gold pieces
 60777 | Vaults:4 | Bought 2 potions of heal wounds for 200 gold pieces
 60777 | Vaults:4 | Bought a potion of heal wounds for 100 gold pieces
 61006 | Vaults:4 | Learned a level 4 spell: Summon Lightning Spire
 61641 | D:11     | Reached XP level 21. HP: 171/171 MP: 3/33
 61760 | D:11     | Learned a level 3 spell: Spectral Weapon
 61912 | Orc:1    | Killed Tovarisch's ghost
 62103 | Depths:1 | Entered Level 1 of the Depths
 62104 | Depths:1 | Reached skill level 10 in Invocations
 62814 | Depths:1 | Found a magical portal.
 63180 | Depths:1 | Found a gateway to Hell.
 63413 | Depths:1 | Found Yheyjos's Jewellery Boutique.
 63413 | Depths:1 | Found Kuywuisk's Gadget Emporium.
 63414 | Depths:1 | Found Xiod's Gadget Emporium.
 63625 | Depths:1 | Upgraded the game from 0.22-a0-301-gf0fe05c to 0.22-a0-303-g4a852b3
 64607 | Depths:2 | Reached skill level 21 in Ice Magic
 64622 | Depths:2 | Found a one-way gate to the infinite horrors of the Abyss.
 64650 | Depths:2 | Got a flickering turquoise ring
 64652 | Depths:2 | Identified the ring "Ohisotor" {+Fly Stlth+} (You found it on level 2 of the Depths)
 65401 | Depths:2 | Reached XP level 22. HP: 121/178 MP: 10/34
 65599 | Depths:2 | Identified the Incunabulum of Attacks and Cold
 65609 | Depths:2 | Learned a level 6 spell: Bolt of Cold
 65761 | Depths:3 | Reached skill level 22 in Ice Magic
 65879 | Depths:3 | Found Qiecot's Magic Scroll Emporium.
 65887 | Depths:3 | Bought a scroll of enchant weapon for 120 gold pieces
 66038 | Depths:3 | You fall through a shaft!
 66082 | Depths:4 | Noticed a golden dragon
 66100 | Depths:4 | Killed a golden dragon
 66124 | Depths:4 | Noticed a golden dragon
 66124 | Depths:4 | Paralysed by a floating eye for 4 turns
 66127 | Depths:4 | Demolished by an ettin

Vault maps used:
D:1:      erik_arrival_orb_chamber, minmay_misc_feat_cross, st_stairs_12
D:2:      fiery_altar_vehumet, gammafunk_temple_overflow_forgotten,
          serial_co_window_serial, co_window_paths_a, co_window_corner_a,
          co_window_corner_a, co_window_paths_b, co_window_paths_b,
          co_window_corner_ca, co_window_broadway_c, co_window_cross_4,
          co_window_corner_ca, co_window_2corner, co_window_of_opportunity_b,
          glass_columns_b, glass_columns_c
D:3:      lemuel_round_altar, first_ration, kennysheep_orc_chapel, uniq_natasha
D:4:      nicolae_overflow_crystal_walls, kennysheep_mini_moat
D:5:      fedhas_altar_3, minmay_temple_entry_glassed_door, lemuel_flame_loot_1
D:6:      kennysheep_mini, uniq_sigmund
D:7:      lemuel_blue_sif_altar
D:8:      serial_shops, nicolae_shop_trees, basic_altar, enter_ossuary_4,
          uniq_maurice
D:9:      nicolae_tso_swordbearing_angel
D:10:     grunt_lair_entry_orc_guard_hut, orc_0_dummy
D:11:     minmay_gate_of_8
D:12:     hangedman_fish_farm
D:13:     david_vaults_3, serial_glass, glass_columns_b, glass_columns_a,
          item_on_display_a, item_on_display_a
D:14:     dk_noncrumbling_2, nicolae_gozag_cash_rules_everything_around_me
D:15:     grunt_enter_depths_magical_seal, minmay_misc_feat_tiny
Temple:   kb_corrupted_temple
Lair:2:   uniq_erica
Lair:3:   swamp_mist, spider_nest_entry_funnel_web, minmay_lair_oklob_chamber,
          lemuel_fruit_tree, infiniplex_staircase_pool_2, serial_bayou_shore_a,
          grunt_megastairs_3
Lair:4:   minivault_29, grunt_megastairs_5
Lair:5:   dpeg_slime_entry_enclosed_altar, beast_lair_carwin_5,
          lemuel_fruit_fields, serial_bayou_shore_b, infiniplex_staircase_pool
Lair:6:   grunt_lair_end_beastmaster, pond
Swamp:1:  nicolae_swamp_dense_foliage
Swamp:2:  hangedman_swamp_ruin_wall
Swamp:3:  evilmike_swamp_ruin_house_1, swamp_pool2, cheibrodos_swamp_minitomb
Swamp:4:  swamp, swamp_pool5
Spider:1: spider_trap, hangedman_spider_tarantella_strand
Spider:2: spider_trap, nicolae_spider_circle_web
Spider:3: spider_trap, guppyfry_spider_mini_3, uniq_nikola
Spider:4: floodkiller_spider_rune_tomb
Orc:2:    grunt_orc_community_town_hall, grunt_orc_community_big_house_2,
          grunt_orc_community_big_house_1, grunt_orc_community_house_2,
          grunt_orc_community_house_3, grunt_orc_community_house_1,
          grunt_orc_community_house_3, grunt_orc_community_house_1,
          grunt_orc_community_house_1, uniq_rupert
Vaults:1: v_rooms_2, nicolae_vaults_arrows, v_pattern_2, v_misc_4, serial_shops,
          shop
Vaults:2: nicolae_vaults_disjoint_gnomons, hangedman_vaults_stream, v_misc_4,
          hangedman_vaults_pinch, minmay_crypt_entry_vampire_xt,
          v_alt_pattern_3, ontoclasm_vaults_ring_large,
          hangedman_vaults_river_flow, v_misc_10, vaults_dpeg_diagonal,
          v_misc_15, st_smaller_cells, nicolae_vaults_theta, serial_shops, shop,
          uniq_frederick
Vaults:3: v_alt_pattern_6, grunt_vaults_swirl, grunt_vaults_hallway_short,
          ontoclasm_vaults_ring_large, nicolae_vaults_little_squares_6,
          ontoclasm_vaults_claustrophobia, ontoclasm_vaults_ligature,
          hangedman_vaults_hard_town_square, v_pattern_5,
          ontoclasm_vaults_ring_square, nicolae_vaults_little_ls,
          vaults_dpeg_ring, serial_shops, shop_statue
Vaults:4: v_misc_30, vaults_mumra_hex, vaults_mumra_minichess_inversion,
          vaults_dpeg_encased_lava, ontoclasm_vaults_twist,
          nicolae_vaults_network_square, hangedman_vaults_trim,
          vaults_room_fancy_cross, hangedman_vaults_stretched_pinwheel,
          nicolae_vaults_sealed_display, vaults_room_stairs_pillars,
          serial_shops, shop_statue
Depths:1: nicolae_twisting_strands, hell_entry, infiniplex_enter_wizlab_spiral,
          hangedman_abyss_or_decor_stagger, grunt_ministairs_5,
          minmay_serpent_palace, minmay_shop_grove
Depths:2: minmay_expanding_squares, hell_entry, minmay_misc_feat_five,
          abyss_entry
Depths:3: minmay_nested_s, enter_ziggurat_c, hangedman_tar_grid_catacomb,
          serial_shops, shop, grunt_pan_entry_spiral, hangedman_decor_slide_cut
Depths:4: minmay_the_grid_square_5x5_5x5_mashed, minmay_room_of_horrors,
          interstate_on_off, hell_entry, columned_hall_lemuel
Ossuary:  ossuary_tomb_1

Skill      XL: |  1  2  3  4  5  6  7  8  9 10 11 12 13 14 15 16 17 18 19 20 21 22 |
---------------+-------------------------------------------------------------------+-----
Ice Magic      | 4 5 6 7 10 12 14 16 18 20 21 22 | 22.0
Fighting       | 1 3 8 10 11 13 15 16 | 16.0
Dodging        | 4 5 8 12 | 12.0
Shields        | 4 |  4.0
Polearms       | 3 9 14 16 20 | 20.0
Charms         | 2 6 |  6.0
Conjurations   | 4 6 8 10 | 10.0
Spellcasting   | 4 6 8 |  8.0
Invocations    | 6 9 12 | 12.8
Evocations     | 4 |  4.0
Necromancy     | 2 |  2.0
Armour         | 4 6 8 |  8.0
Air Magic      | 4 6 8 |  8.0
Stealth        | |  2.1

Action                   |  1- 3 |  4- 6 |  7- 9 | 10-12 | 13-15 | 16-18 | 19-21 | 22-24 || total
-------------------------+-------+-------+-------+-------+-------+-------+-------+-------++-------
Melee: Dagger            |    30 |    60 |   570 |       |       |       |       |       ||   660
       Whip              |       |       |    69 |       |       |       |       |       ||    69
       Trident           |       |       |   113 |  1191 |  1383 |       |       |       ||  2687
       Scimitar          |       |       |       |     2 |     6 |       |       |       ||     8
       Spear             |       |       |       |       |    26 |       |       |       ||    26
       Tailslap          |       |       |       |       |     1 |    16 |       |       ||    17
       Glaive            |       |       |       |       |  1231 |  1899 |  1725 |    69 ||  4924
 Fire: Blowgun           |       |    19 |       |       |       |       |       |       ||    19
Throw: Stone             |    11 |     1 |       |     4 |       |       |       |       ||    16
       Javelin           |       |     1 |     8 |    35 |     1 |       |       |       ||    45
       Tomahawk          |       |       |       |     2 |       |     4 |       |       ||     6
 Cast: Freeze            |    54 |    62 |   141 |   214 |   215 |     5 |       |       ||   691
       Throw Frost       |     2 |     2 |     3 |     4 |     2 |     9 |     5 |       ||    27
       Ozocubu's Armour  |       |     4 |    34 |    90 |   109 |   119 |   107 |    11 ||   474
       Throw Icicle      |       |       |       |    15 |   152 |   212 |   146 |     9 ||   534
       Regeneration      |       |       |       |       |     1 |    34 |    60 |     5 ||   100
       Freezing Cloud    |       |       |       |       |       |     5 |    18 |     3 ||    26
       Apportation       |       |       |       |       |       |     3 |       |       ||     3
       Blink             |       |       |       |       |       |     2 |     3 |     1 ||     6
       Animate Skeleton  |       |       |       |       |       |     1 |       |       ||     1
       Conjure Flame     |       |       |       |       |       |     1 |       |       ||     1
       Summon Lightning  |       |       |       |       |       |       |     3 |       ||     3
       Spectral Weapon   |       |       |       |       |       |       |    19 |     7 ||    26
       Bolt of Cold      |       |       |       |       |       |       |       |     2 ||     2
Invok: Minor Destruction |       |       |       |    27 |    21 |       |       |       ||    48
       Lesser Servant of |       |       |       |    24 |    39 |    14 |     7 |       ||    84
 Abil: Evoke Berserk Rag |       |       |       |     1 |       |       |       |       ||     1
Evoke: Wand              |       |     1 |    19 |     5 |     1 |       |     1 |       ||    27
       Fan of gales      |       |       |       |       |     1 |       |       |       ||     1
  Use: Scroll            |       |    10 |    11 |    12 |    16 |    11 |    10 |     3 ||    73
       Potion            |       |       |     2 |       |       |     7 |     7 |       ||    16
 Stab: Sleeping          |     6 |     4 |     5 |     2 |    13 |    19 |    13 |       ||    62
       Paralysed         |       |     3 |    33 |       |       |       |       |       ||    36
       Distracted        |       |       |       |     6 |    10 |     8 |     6 |     2 ||    32
       Confused          |       |       |       |       |       |     6 |       |       ||     6
  Eat: Chunk             |     3 |    10 |    20 |    34 |    58 |    27 |    43 |     5 ||   200
       Ration            |     1 |       |     3 |     3 |     4 |    11 |     2 |       ||    24
Armor: Robe              |     6 |    10 |   167 |    71 |       |       |       |       ||   254
       Skin              |       |       |     3 |       |       |       |       |       ||     3
       Troll leather arm |       |       |       |   223 |  1168 |  1064 |   622 |    38 ||  3115
Dodge: Dodged            |    44 |    55 |   473 |   553 |  1935 |  1441 |  1022 |    57 ||  5580
Block: Buckler           |       |       |   210 |   255 |   441 |       |       |       ||   906

Table legend:
 A = Spawn XP
 B = Non-spawn XP
 C = Spawn XP percentage of total XP
 D = Spawn monster count
 E = Non-spawn monster count
 F = Spawn count percentage of total count
 G = Total turns spent on level
                    A         B        C        D         E        F      G
               +---------+---------+-------+---------+---------+-------+---------
         Total |    5114 |  613269 |   0.8 |       9 |    1709 |   0.5 | 66127
               +---------+---------+-------+---------+---------+-------+---------
           D:1 |       0 |      63 |   0.0 |       0 |      36 |   0.0 |  1332
           D:2 |       0 |      28 |   0.0 |       0 |      11 |   0.0 |  1309
           D:3 |       0 |     319 |   0.0 |       0 |      28 |   0.0 |  1375
           D:4 |       0 |      59 |   0.0 |       0 |       5 |   0.0 |   525
           D:5 |       0 |     284 |   0.0 |       0 |      17 |   0.0 |  1761
           D:6 |       0 |     623 |   0.0 |       0 |      13 |   0.0 |  1426
           D:7 |       0 |     719 |   0.0 |       0 |      22 |   0.0 |  1171
           D:8 |       0 |    2056 |   0.0 |       0 |      34 |   0.0 |  1372
           D:9 |       0 |    2285 |   0.0 |       0 |      21 |   0.0 |  1413
          D:10 |       0 |    4673 |   0.0 |       0 |      53 |   0.0 |  2984
          D:11 |       0 |   13189 |   0.0 |       0 |      70 |   0.0 |  1368
          D:12 |       0 |   10858 |   0.0 |       0 |      54 |   0.0 |  1528
          D:13 |       0 |   10234 |   0.0 |       0 |      38 |   0.0 |  1113
          D:14 |       0 |   10549 |   0.0 |       0 |      43 |   0.0 |  1279
          D:15 |       0 |   11689 |   0.0 |       0 |      27 |   0.0 |   911
        Lair:1 |       0 |    2284 |   0.0 |       0 |      14 |   0.0 |  1087
        Lair:2 |       0 |    4754 |   0.0 |       0 |      22 |   0.0 |  1433
        Lair:3 |       0 |    9745 |   0.0 |       0 |      40 |   0.0 |  2140
        Lair:4 |       0 |   12564 |   0.0 |       0 |      71 |   0.0 |  2178
        Lair:5 |       0 |   12280 |   0.0 |       0 |      38 |   0.0 |  2365
        Lair:6 |       0 |   10471 |   0.0 |       0 |      41 |   0.0 |  2290
       Swamp:1 |       0 |   12522 |   0.0 |       0 |      35 |   0.0 |  1220
       Swamp:2 |       0 |   21245 |   0.0 |       0 |      57 |   0.0 |  1518
       Swamp:3 |       0 |   17357 |   0.0 |       0 |      40 |   0.0 |  1327
       Swamp:4 |       0 |   15815 |   0.0 |       0 |      39 |   0.0 |  1233
      Spider:1 |       0 |   16369 |   0.0 |       0 |      37 |   0.0 |  1498
      Spider:2 |       0 |    9394 |   0.0 |       0 |      32 |   0.0 |  1846
      Spider:3 |       0 |   16849 |   0.0 |       0 |      43 |   0.0 |  1134
      Spider:4 |       0 |   42584 |   0.0 |       0 |      94 |   0.0 |  3475
         Orc:1 |       0 |    6831 |   0.0 |       0 |      23 |   0.0 |  1158
         Orc:2 |       0 |   10911 |   0.0 |       0 |     114 |   0.0 |  3887
      Vaults:1 |       0 |   30686 |   0.0 |       0 |      67 |   0.0 |  2910
      Vaults:2 |       0 |   64958 |   0.0 |       0 |      90 |   0.0 |  2980
      Vaults:3 |     737 |   65973 |   1.1 |       1 |      92 |   1.1 |  2219
      Vaults:4 |       0 |   43827 |   0.0 |       0 |      74 |   0.0 |  1878
      Depths:1 |       0 |   39723 |   0.0 |       0 |      54 |   0.0 |  1764
      Depths:2 |       0 |   58286 |   0.0 |       0 |      61 |   0.0 |  1795
      Depths:3 |       0 |    7974 |   0.0 |       0 |      13 |   0.0 |   376
      Depths:4 |       0 |   10997 |   0.0 |       0 |       6 |   0.0 |    89
       Abyss:2 |    4377 |     847 |  83.8 |       8 |       1 |  88.9 |   142
       Ossuary |       0 |     395 |   0.0 |       0 |      39 |   0.0 |  1193
               +---------+---------+-------+---------+---------+-------+---------
